 Dungeon Crawl Stone Soup version 0.18.1-6-gd335043 (webtiles) character file.

0 Chaotic the Sneak (level 1, 0/9 HPs)
             Began as a Spriggan Enchanter on May 16, 2016.
             Slain by a jackal (3 damage)
             ... on level 1 of the Dungeon.
             The game lasted 00:00:19 (59 turns).

Chaotic the Sneak (Spriggan Enchanter)                Turns: 59, Time: 00:00:20

Health: 0/9        AC:  3    Str:  4    XL:     1   Next: 8%
Magic:  4/5        EV: 18    Int: 16    God:
Gold:   9          SH:  0    Dex: 16    Spells: 1 memorised, 4 levels left

rFire  . . .     SeeInvis +     a - +1 dagger
rCold  . . .     Gourm    .     b - +1 robe
rNeg   . . .     Faith    .     (shield restricted)
rPois  .         Spirit   .     (helmet restricted)
rElec  .         Dismiss  .     (no cloak)
rCorr  .         Reflect  .     (gloves unavailable)
SustAt .         Harm     .     (boots unavailable)
MR     .....                    (no amulet)
Stlth  +++.......               (no ring)
                                (no ring)

@: very quick, not resistant to hostile enchantments, fairly stealthy
A: unfitting armour, see invisible, herbivore 3, speed 3, slow metabolism 2
a: no special abilities


You were on level 1 of the Dungeon.
You were not hungry.

You visited 1 branch of the dungeon, and saw 1 of its levels.

You collected 9 gold pieces.

Inventory:

Hand Weapons
 a - a +1 dagger (weapon)
Armour
 b - a +1 robe (worn)
Scrolls
 f - a scroll of amnesia {unknown}
Potions
 e - a potion of heal wounds {unknown}
Books
 c - a book of Maledictions
Comestibles
 d - a bread ration {@e1}


   Skills:
 - Level 1.1 Short Blades
 - Level 3.0 Dodging
 - Level 4.4 Stealth
 * Level 2.7 Spellcasting
 + Level 3.6 Hexes


You had 4 spell levels left.
You knew the following spells:

 Your Spells              Type           Power        Failure   Level  Hunger
v - Corona                Hex            ##.....      6%          1    #......


Dungeon Overview and Level Annotations

Branches:
Dungeon (1/15)

Altars:


Innate Abilities, Weirdness & Mutations

You are tiny and cannot use many weapons and most armour.
You have supernaturally acute eyesight.
You are a herbivore.
You cover ground extremely quickly.
You need consume almost no food.


Message History

Welcome, Chaotic the Spriggan Enchanter.
It is said that the Orb of Zot exists deep within this dungeon, but nobody has ever found it.
Found a staircase leading out of the dungeon.
Unknown command.
You open the door.
There is an open door here.
You now have 9 gold pieces.
You see here a leather armour.
e - a white potion No target in view!
A rat comes into view.
A rat is nearby!
A bat comes into view.
The helpless rat fails to defend itself.
You puncture the rat!
You kill the rat!
No target in view!
No target in view!
f - a scroll labeled UTU COESE BIUTH 2 jackals come into view.
The jackal barks!
A jackal comes into view.
There are monsters nearby!
The jackal barks!
The jackal barks!
You hit the jackal.
The jackal bites you but does no damage.
There are monsters nearby!
You barely miss the jackal.
The jackal bites you but does no damage.
The jackal completely misses you.
The jackal bites you but does no damage.
You hit the jackal but do no damage. The jackal closely misses you. x2
You hit the jackal but do no damage. The jackal bites you.
The jackal closely misses you. The jackal barely misses you.
The jackal completely misses you. The jackal barely misses you.
You take 3 damage, and have 6/9 hp.
MASSIVE DAMAGE!!
Unknown command.
Aim: a jackal (moderately wounded, chance to defeat MR: 83%)
The jackal is outlined in light.
The jackal closely misses you.
The jackal bites you but does no damage.
The jackal misses you. The jackal barely misses you.
You now have 4/5 mp.
You hit the jackal but do no damage. The jackal completely misses you.
The jackal misses you. The jackal barely misses you.
The jackal bites you but does no damage.
You hit the jackal. The jackal completely misses you. x2
The jackal misses you. x2
You hit the jackal. The jackal completely misses you.
The jackal closely misses you. The jackal misses you. The jackal bites you.
You take 3 damage, and have 3/9 hp.
MASSIVE DAMAGE!!
You barely miss the jackal. The jackal bites you.
You die...

#.# ## #.# ..
###.###
#.####.....#
#.#........#
#.#........#
#.#......†.#
######h#.#......#
......h@........+
######h#.#......#
###.......##
#########.#.......
#..................
#.###.....#.......b
♣♣.#
##..###........
#♣.♣#
♣..#####+#....
♣#♣♣.♣.##♣#.......
(...


You could see 3 jackals.

Vanquished Creatures
  A rat (D:1)
1 creature vanquished.

Notes
Turn   | Place    | Note
--------------------------------------------------------------
     0 | D:1      | Chaotic the Spriggan Enchanter began the quest for the Orb.
     0 | D:1      | Reached XP level 1. HP: 9/9 MP: 5/5
    59 | D:1      | Slain by a jackal

Action                   || total
-------------------------++-------
Melee: Dagger            ||     9
 Cast: Corona            ||     1
 Stab: Sleeping          ||     1
Armor: Robe              ||     5
Dodge: Dodged            ||    20

Vault maps used:
D:1:      saegor_arrival_under_anarchy

Table legend:
 A = Turns spent in this place as a percentage of turns spent in the entire game.
 B = Non-inter-level travel turns spent in this place as a percentage of non-inter-level travel turns spent in the entire game.
 C = Inter-level travel turns spent in this place as a percentage of turns spent in this place.
 D = Turns resting spent in this place as a percentage of non-inter-level travel turns spent in this place.
 E = Turns spent auto-exploring this place as a percentage of non-inter-level travel turns spent in this place.
 F = Non-inter-level travel turns spent in this place divided by the number of levels of this place that you've seen.
                   A       B       C       D       E      F
               +-------+-------+-------+-------+-------+----------------------
         Total | 100.0 | 100.0 |   0.0 |   0.0 |  12.9 |  31.0
       Dungeon | 100.0 | 100.0 |   0.0 |   0.0 |  12.9 |  31.0
               +-------+-------+-------+-------+-------+----------------------

Table legend:
 A = Kills in this place as a percentage of kills in entire the game.
 B = Kills by you in this place as a percentage of kills by you in the entire game.
 C = Kills by friends in this place as a percentage of kills by friends in the entire game.
 D = Other kills in this place as a percentage of other kills in the entire game.
 E = Experience gained in this place as a percentage of experience gained in the entire game.
 F = Experience gained in this place divided by the number of levels of this place that you have seen.
                   A       B       C       D       E      F
               +-------+-------+-------+-------+-------+----------------------
         Total | 100.0 | 100.0 |  -nan |  -nan | 100.0 |   1.0
       Dungeon | 100.0 | 100.0 |  -nan |  -nan | 100.0 |   1.0
               +-------+-------+-------+-------+-------+----------------------
